HSSL
BUTLER HS GOLDEN TORNADO @ BILLINGS WEST HS GOLDEN BEARS
04/03/2026
 
TOP OF THE 1ST
Butler HS Golden Tornado batting - Pitching for Billings West HS Golden Bears : RHP Abel Walker
Pitching: RHP Abel Walker
Batting: LHB Byron McIlmoyle 0-0: Ball
1-0: Ball
2-0: Called Strike
2-1: Foul Ball, location: 2F
2-2: Strikes out swinging
Batting: RHB Keith Gamble 0-0: Called Strike
0-1: Ground out 5-3 (Groundball, 56S)
Batting: RHB Mike Morton 0-0: Ball
1-0: Foul Ball, location: 2F
1-1: Called Strike
1-2: Ball
2-2: Fly out, F8 (Flyball, 8LM)
Top of the 1st over - 0 run(s), 0 hit(s), 0 error(s), 0 left on base; Butler HS 0 - Billings West HS 0
BOTTOM OF THE 1ST
Billings West HS Golden Bears batting - Pitching for Butler HS Golden Tornado : RHP David Hesketh
Pitching: RHP David Hesketh
Batting: RHB Rob Johnston 0-0: Ball
1-0: Swinging Strike
1-1: Foul Ball, location: 2F
1-2: Ground out 1-3 (Groundball, 13S)
Batting: SHB Juan Soriano 0-0: Fly out, F8 (Flyball, 8LM)
Batting: LHB Duane Lemay 0-0: Swinging Strike
0-1: Ball
1-1: Fly out, F7 (Flyball, 78M)
Bottom of the 1st over - 0 run(s), 0 hit(s), 0 error(s), 0 left on base; Butler HS 0 - Billings West HS 0
TOP OF THE 2ND
Butler HS Golden Tornado batting - Pitching for Billings West HS Golden Bears : RHP Abel Walker
Batting: LHB Joe Vásquez 0-0: Called Strike
0-1: Ball
1-1: DOUBLE (Line Drive, 9LM)
Batting: RHB Daniel Quintana 0-0: Called Strike
0-1: Foul Ball, location: 2F
0-2: Ball
1-2: DOUBLE (Flyball, 9LS)
Joe Vásquez scores
Batting: LHB Curtis Hudson 0-0: Called Strike
0-1: Swinging Strike
0-2: Ball
1-2: Strikes out swinging
Batting: SHB Myles Hopkins 0-0: Foul Ball, location: 2F
0-1: Ball
1-1: Swinging Strike
1-2: Ball
2-2: Ball
3-2: Strikes out swinging
Batting: RHB Warren Thornton 0-0: Ball
1-0: Foul Ball, location: 2F
1-1: DOUBLE (Flyball, 8RM)
Daniel Quintana scores
Batting: LHB Juan Díaz 0-0: Fly out, F9 (Flyball, 89M)
Top of the 2nd over - 2 run(s), 3 hit(s), 0 error(s), 1 left on base; Butler HS 2 - Billings West HS 0
BOTTOM OF THE 2ND
Billings West HS Golden Bears batting - Pitching for Butler HS Golden Tornado : RHP David Hesketh
Batting: RHB Spike Kennedy 0-0: Called Strike
0-1: Ball
1-1: Foul Ball, location: 2F
1-2: Strikes out swinging
Batting: RHB Bryce Murray 0-0: Called Strike
0-1: Ball
1-1: Foul Ball, location: 2F
1-2: Ball
2-2: Foul Ball, location: 2F
2-2: Ball
3-2: Strikes out swinging
Batting: RHB Lawrence Pérez 0-0: Called Strike
0-1: Ball
1-1: Ball
2-1: Ball
3-1: Base on Balls
Batting: RHB Ethan Ramos 0-0: Called Strike
0-1: Ball
1-1: SINGLE (Line Drive, 6MD)
Lawrence Pérez to second
Batting: RHB Eric Dodd 0-0: Ball
1-0: Ball
2-0: Ball
3-0: Called Strike
3-1: Swinging Strike
3-2: Base on Balls
Lawrence Pérez to third
Ethan Ramos to second
Batting: LHB David Trent 0-0: Called Strike
0-1: Ball
1-1: Ball
2-1: Ball
3-1: SINGLE (Line Drive, 7S)
Lawrence Pérez scores
Ethan Ramos to third
Eric Dodd to second
Batting: RHB Rob Johnston 0-0: Called Strike
0-1: Fly out, F9 (Popup, 89S)
Bottom of the 2nd over - 1 run(s), 2 hit(s), 0 error(s), 3 left on base; Butler HS 2 - Billings West HS 1
TOP OF THE 3RD
Butler HS Golden Tornado batting - Pitching for Billings West HS Golden Bears : RHP Abel Walker
Batting: LHB Byron McIlmoyle 0-0: Ball
1-0: Called Strike
1-1: Foul Ball, location: 2F
1-2: Ball
2-2: Strikes out swinging
Batting: RHB Keith Gamble 0-0: Ground out 4-3 (Groundball, 34)
Batting: RHB Mike Morton 0-0: Fly out, F3 (Popup, 23F)
Top of the 3rd over - 0 run(s), 0 hit(s), 0 error(s), 0 left on base; Butler HS 2 - Billings West HS 1
BOTTOM OF THE 3RD
Billings West HS Golden Bears batting - Pitching for Butler HS Golden Tornado : RHP David Hesketh
Batting: SHB Juan Soriano 0-0: Fly out, F6 (Popup, 6)
Batting: LHB Duane Lemay 0-0: Called Strike
0-1: Foul Ball, location: 2F
0-2: Hit by Pitch
Batting: RHB Spike Kennedy 0-0: Ball
1-0: Ball
Throwing error on steal attempt, E2
Duane Lemay to third
2-0: Called Strike
2-1: Foul Ball, location: 2F
2-2: 2-RUN HOME RUN (Flyball, 78XD), Distance : 410 ft
Batting: RHB Bryce Murray 0-0: Called Strike
0-1: Ground out 1-3 (Groundball, 15)
Batting: RHB Lawrence Pérez 0-0: Foul Ball, location: 2F
0-1: Ball
1-1: DOUBLE (Line Drive, 89M)
Batting: RHB Ethan Ramos 0-0: Ball
1-0: Foul Ball, location: 2F
1-1: Ground out 5-3 (Groundball, 56)
Bottom of the 3rd over - 2 run(s), 2 hit(s), 1 error(s), 1 left on base; Butler HS 2 - Billings West HS 3
TOP OF THE 4TH
Butler HS Golden Tornado batting - Pitching for Billings West HS Golden Bears : RHP Abel Walker
Batting: LHB Joe Vásquez 0-0: Called Strike
0-1: Foul Ball, location: 2F
0-2: Strikes out swinging
Batting: RHB Daniel Quintana 0-0: Called Strike
0-1: Ground out 5-3 (Groundball, 56S)
Batting: LHB Curtis Hudson 0-0: Called Strike
0-1: Ball
1-1: Ball
2-1: Ball
3-1: Foul Ball, location: 2F
3-2: Fly out, F7 (Flyball, 78M)
Top of the 4th over - 0 run(s), 0 hit(s), 0 error(s), 0 left on base; Butler HS 2 - Billings West HS 3
BOTTOM OF THE 4TH
Billings West HS Golden Bears batting - Pitching for Butler HS Golden Tornado : RHP David Hesketh
Batting: RHB Eric Dodd 0-0: Ball
1-0: Foul Ball, location: 2F
1-1: Ball
2-1: Foul Ball, location: 2F
2-2: Ball
3-2: Base on Balls
Batting: LHB David Trent 0-0: Called Strike
0-1: Called Strike
0-2: Strikes out looking
Batting: RHB Rob Johnston 0-0: Fly out, F7 (Line Drive, 78S)
Batting: SHB Juan Soriano 0-0: SINGLE (Groundball, 56D)
Eric Dodd to second
Batting: LHB Duane Lemay 0-0: Ball
1-0: Ground out 6-3 (Groundball, 6)
Bottom of the 4th over - 0 run(s), 1 hit(s), 0 error(s), 2 left on base; Butler HS 2 - Billings West HS 3
TOP OF THE 5TH
Butler HS Golden Tornado batting - Pitching for Billings West HS Golden Bears : RHP Abel Walker
Batting: SHB Myles Hopkins 0-0: Ball
1-0: Ball
2-0: Ball
3-0: Foul Ball, location: 2F
3-1: Base on Balls
Batting: RHB Warren Thornton 0-0: Foul Ball, location: 2F
0-1: Foul Ball, location: 2F
0-2: Foul Ball, location: 2F
0-2: Strikes out swinging
Batting: LHB Juan Díaz 0-0: Ball
1-0: Foul Ball, location: 2F
1-1: Ball
2-1: Called Strike
2-2: Strikes out looking
Batting: LHB Byron McIlmoyle 0-0: Ball
1-0: Ball
2-0: Ball
Myles Hopkins is caught stealing 2nd base
Top of the 5th over - 0 run(s), 0 hit(s), 0 error(s), 0 left on base; Butler HS 2 - Billings West HS 3
BOTTOM OF THE 5TH
Billings West HS Golden Bears batting - Pitching for Butler HS Golden Tornado : RHP David Hesketh
Batting: RHB Spike Kennedy 0-0: Ball
1-0: Swinging Strike
1-1: Ball
2-1: Ball
3-1: Base on Balls
Batting: RHB Bryce Murray 0-0: Called Strike
0-1: Foul Ball, location: 2F
0-2: SINGLE (Line Drive, 8LS)
Spike Kennedy to second
Batting: RHB Lawrence Pérez 0-0: Ball
1-0: Called Strike
1-1: Swinging Strike
1-2: Strikes out swinging
Pitching: LHP Rafael Martínez
Batting: RHB Ethan Ramos 0-0: Foul Ball, location: 2F
0-1: SINGLE (Groundball, 34S)
Spike Kennedy to third
Bryce Murray to second
Batting: RHB Eric Dodd 0-0: Grounds into double play, 6-4-3 (Groundball, 6)
Bottom of the 5th over - 0 run(s), 2 hit(s), 0 error(s), 2 left on base; Butler HS 2 - Billings West HS 3
TOP OF THE 6TH
Butler HS Golden Tornado batting - Pitching for Billings West HS Golden Bears : RHP Abel Walker
Batting: LHB Byron McIlmoyle 0-0: Ball
1-0: Called Strike
1-1: Ball
2-1: Ground out U3 (Groundball, 3S)
Batting: RHB Keith Gamble 0-0: Ball
1-0: Ball
2-0: Called Strike
2-1: Foul Ball, location: 2F
2-2: Strikes out swinging
Batting: RHB Mike Morton 0-0: Foul Ball, location: 2F
0-1: Fly out, F7 (Popup, 7S)
Top of the 6th over - 0 run(s), 0 hit(s), 0 error(s), 0 left on base; Butler HS 2 - Billings West HS 3
BOTTOM OF THE 6TH
Billings West HS Golden Bears batting - Pitching for Butler HS Golden Tornado : LHP Rafael Martínez
Batting: LHB David Trent 0-0: Called Strike
0-1: Ball
1-1: Called Strike
1-2: Foul Ball, location: 2F
1-2: Ball
2-2: Ball
3-2: DOUBLE (Groundball, 3D)
Batting: RHB Rob Johnston 0-0: Ball
Wild Pitch!
David Trent to third
1-0: Ball
2-0: Called Strike
2-1: Fly out, F7 (Flyball, 78M)
Runner from 3rd tags up, SCORES, throw made
Batting: SHB Juan Soriano 0-0: Called Strike
0-1: SINGLE (Groundball, 4M)
Batting: LHB Duane Lemay 0-0: Fly out, F5 (Popup, 25)
Batting: RHB Spike Kennedy 0-0: Ball
Juan Soriano is caught stealing 2nd base
Bottom of the 6th over - 1 run(s), 2 hit(s), 0 error(s), 0 left on base; Butler HS 2 - Billings West HS 4
TOP OF THE 7TH
Butler HS Golden Tornado batting - Pitching for Billings West HS Golden Bears : RHP Abel Walker
Batting: LHB Joe Vásquez 0-0: Foul Ball, location: 2F
0-1: Called Strike
0-2: Ball
1-2: Ball
2-2: Foul Ball, location: 2F
2-2: SINGLE (Groundball, 4M)
Pitching: RHP Bob Roy
Batting: RHB Daniel Quintana 0-0: Foul Ball, location: 2F
0-1: Ball
1-1: Ball
2-1: Called Strike
2-2: Ball
3-2: Base on Balls
Joe Vásquez to second
Batting: LHB Curtis Hudson 0-0: Foul Ball, location: 2F
0-1: Ball
1-1: Fly out, F7 (Flyball, 78M)
Batting: SHB Myles Hopkins 0-0: Fly out, F8 (Flyball, 8RM)
Batting: RHB Warren Thornton 0-0: Ball
1-0: Ball
2-0: Ball
3-0: Called Strike
3-1: Swinging Strike
3-2: Strikes out swinging
Top of the 7th over - 0 run(s), 1 hit(s), 0 error(s), 2 left on base; Butler HS 2 - Billings West HS 4
BOTTOM OF THE 7TH
Billings West HS Golden Bears batting - Pitching for Butler HS Golden Tornado : LHP Rafael Martínez
Batting: RHB Spike Kennedy 0-0: Called Strike
0-1: Ball
1-1: Foul Ball, location: 2F
1-2: SOLO HOME RUN (Flyball, 78XD), Distance : 414 ft
Batting: RHB Bryce Murray 0-0: Swinging Strike
0-1: Ground out 5-3 (Groundball, 5S)
Pitching: LHP Pedro Infante
Batting: RHB Lawrence Pérez 0-0: Ball
1-0: Ball
2-0: Called Strike
2-1: Ball
3-1: Base on Balls
Batting: RHB Ethan Ramos 0-0: Ball
1-0: Fly out, F6 (Popup, 5L)
Batting: RHB Eric Dodd 0-0: Swinging Strike
0-1: Swinging Strike
0-2: Strikes out looking
Bottom of the 7th over - 1 run(s), 1 hit(s), 0 error(s), 1 left on base; Butler HS 2 - Billings West HS 5
TOP OF THE 8TH
Butler HS Golden Tornado batting - Pitching for Billings West HS Golden Bears : RHP Bob Roy
Batting: LHB Juan Díaz 0-0: Ball
1-0: Ball
2-0: Foul Ball, location: 2F
2-1: Fly out, F7 (Line Drive, 7M)
Batting: LHB Byron McIlmoyle 0-0: Called Strike
0-1: Foul Ball, location: 2F
0-2: Ball
1-2: Ball
2-2: Ball
3-2: Base on Balls
Pitching: RHP Norberto Díaz
Batting: RHB Keith Gamble 0-0: Called Strike
0-1: Ball
1-1: Ball
2-1: SINGLE (Popup, 34D)
Byron McIlmoyle to second
Runner from 2nd tries for 3rd, SAFE, throw made to third
Keith Gamble to second
Batting: RHB Mike Morton 0-0: Ball
1-0: Called Strike
1-1: Fly out, F8 (Flyball, 8LM)
Runner from 3rd tags up, SCORES, throw made
Pitching: LHP Phil Peterson
Batting: LHB Joe Vásquez 0-0: Called Strike
0-1: Swinging Strike
0-2: Ball
1-2: Ball
2-2: DOUBLE (Line Drive, 8RD)
Keith Gamble scores
Pitching: RHP Shawn Gilliam
Batting: RHB Daniel Quintana 0-0: Fly out, F7 (Line Drive, 7S)
Top of the 8th over - 2 run(s), 2 hit(s), 0 error(s), 1 left on base; Butler HS 4 - Billings West HS 5
BOTTOM OF THE 8TH
Billings West HS Golden Bears batting - Pitching for Butler HS Golden Tornado : LHP Pedro Infante
Batting: LHB David Trent 0-0: Called Strike
0-1: Ball
1-1: Called Strike
1-2: Strikes out swinging
Batting: RHB Rob Johnston 0-0: Called Strike
0-1: Called Strike
0-2: Ball
1-2: Ball
2-2: Foul Ball, location: 2F
2-2: Strikes out looking
Batting: SHB Juan Soriano 0-0: Swinging Strike
0-1: Ball
1-1: Called Strike
1-2: Ball
2-2: Strikes out swinging
Bottom of the 8th over - 0 run(s), 0 hit(s), 0 error(s), 0 left on base; Butler HS 4 - Billings West HS 5
TOP OF THE 9TH
Butler HS Golden Tornado batting - Pitching for Billings West HS Golden Bears : RHP Shawn Gilliam
Pitching: LHP Kurt Brown
Batting: LHB Curtis Hudson 0-0: Ground out 4-3 (Groundball, 4)
Batting: SHB Myles Hopkins 0-0: Called Strike
0-1: Called Strike
0-2: Ball
1-2: Strikes out looking
Batting: RHB Warren Thornton 0-0: Called Strike
0-1: SINGLE (Line Drive, 6MD)
Batting: LHB Juan Díaz 0-0: Called Strike
0-1: Ball
1-1: Ball
2-1: Called Strike
2-2: Foul Ball, location: 2F
2-2: SINGLE (Flyball, 78M)
Warren Thornton to second
Batting: LHB Byron McIlmoyle 0-0: Ball
1-0: Ground out 5-3 (Groundball, 56)
Top of the 9th over - 0 run(s), 2 hit(s), 0 error(s), 2 left on base; Butler HS 4 - Billings West HS 5
Monday, December 5th, 2016 - OOTP Baseball 17.12 Build 75